 Dungeon Crawl Stone Soup version 0.31.0-10-gcf4a605ca0 (webtiles) character file.

Game seed: 14192521809342726895

15 Sobieck the Shooter (level 2, -1/17 HPs)
             Began as a Tengu Hunter on Jan 25, 2024.
             Succumbed to an adder's poison
             ... on level 2 of the Dungeon.
             The game lasted 00:00:40 (764 turns).

Sobieck the Shooter (Tengu Hunter)                   Turns: 764, Time: 00:00:41

Health: -1/17      AC:  3    Str: 11    XL:     2   Next: 50%
Magic:  3/3        EV: 12    Int:  9    God:
Gold:   77         SH:  0    Dex: 17    Spells: 1/1 levels left

rFire   . . .        a - +0 shortbow
rCold   . . .        (shield currently unavailable)
rNeg    . . .        c - +0 leather armour
rPois   .            (helmet restricted)
rElec   .            (no cloak)
rCorr   .            (no gloves)
SInv    .            (boots unavailable)
Will    .....        (no amulet)
Stlth   ++           (no ring)
HPRegen 0.22/turn    (no ring)
MPRegen 0.08/turn

%: acrobat
@: lethally poisoned (-1 -> -13)
A: beak, talons 3, acrobatic
a: no special abilities


You were on level 2 of the Dungeon.
You visited 1 branch of the dungeon, and saw 2 of its levels.

You collected 77 gold pieces.

Inventory:

Hand Weapons
 a - a +0 shortbow (weapon)
Armour
 c - a +0 leather armour (worn)
Scrolls
 b - a scroll of butterflies
 d - a scroll of poison {unknown}
 e - a scroll of amnesia {unknown}
 h - 2 scrolls of teleportation {unknown}
 i - a scroll of torment {unknown}
 k - a scroll of vulnerability {unknown}
 l - a scroll of blinking {unknown}
Potions
 g - a potion of haste {unknown}
 j - a potion of attraction {unknown}
 Q - a potion of curing


   Skills:
 - Level 2.0 Fighting
 + Level 5.1 Ranged Weapons
 - Level 2.1 Dodging
 - Level 1.0 Stealth


You had one spell level left.
You didn't know any spells.
Your spell library was empty.

Dungeon Overview and Level Annotations

Branches:
Dungeon (2/15)

Altars:
Cheibriados


Innate Abilities, Weirdness & Mutations

You have a beak for a mouth.
You have claws for feet.
You can magically evade attacks while moving or waiting.


Message History

The bat closely misses you. The adder attacks as it pursues you!
The adder misses you. The bat completely misses you.
You shoot an arrow. The arrow closely misses the bat.
The arrow hits the adder.
The adder is severely wounded.
The bat barely misses you. The bat hits you but does no damage.
You shoot an arrow. The arrow hits the bat.
You kill the bat!
The jackal closely misses you. The adder bites you.
You are poisoned.
The adder poisons you!
You shoot an arrow. The arrow hits the adder.
The adder is severely wounded.
You feel sick. The jackal bites you. The adder closely misses you.
The jackal closely misses you.
You shoot an arrow. The arrow barely misses the adder.
You feel sick. The adder closely misses you. The jackal barely misses you.
The adder bites you. The jackal barely misses you.
You shoot an arrow. The arrow hits the adder.
The adder is severely wounded.
You feel sick. The adder bites you. The jackal barely misses you.
The adder barely misses you.
You are too injured to fight recklessly!
Unknown command.
It was a potion of curing.
You feel better.
Q - a potion of curing The jackal misses you.
The adder bites you.
The jackal bites you but does no damage.
Unknown command.
You shoot an arrow. The arrow misses the adder.
The adder bites you. The adder bites you but does no damage.
Unknown command.
You shoot an arrow. The arrow hits the adder.
The adder is almost dead.
The adder closely misses you. The adder barely misses you.
Unknown command.
You shoot an arrow. The arrow closely misses the adder.
The adder bites you.
You are lethally poisoned!
The adder poisons you!
Unknown command.
You shoot an arrow. The arrow barely misses the adder.
* * * LOW HITPOINT WARNING * * *
You feel sick. The adder closely misses you. The adder bites you.
* * * LOW HITPOINT WARNING * * *
You are more poisoned.
The adder poisons you!
Unknown command.
You shoot an arrow. The arrow hits the adder!
You kill the adder!
You die...

.###......###.##.#
#.#†#.....#..†...#
##.##.....#.#.##.#
######.###.#.##.#
##.###.#.##.#
.........#..#
#.........#.##
#.<###...###.#
.........h#@##
........#†##
........#†#
........#.##
#..........#
....##..#.>#
...........#
........#.##
..........#


There were no monsters in sight!

Vanquished Creatures
  An adder (D:2)
  3 ball pythons
  4 bats
  An endoplasm (D:2)
  A giant cockroach (D:2)
  2 goblins (D:1)
  A frilled lizard (D:1)
  A kobold (D:1)
  A rat (D:2)
15 creatures vanquished.

Notes
Turn   | Place    | Note
-------+----------+-------------------------------------------
     0 | D:1      | Sobieck the Tengu Hunter began the quest for the Orb.
     0 | D:1      | Reached XP level 1. HP: 12/12 MP: 2/2
   327 | D:1      | Reached XP level 2. HP: 17/17 MP: 3/3
   628 | D:2      | Found a snail-covered altar of Cheibriados.
   687 | D:2      | Reached skill level 5 in Ranged Weapons
   764 | D:2      | Succumbed to an adder's poison

Illustrated notes

Levels and vault maps discovered:
D:1:      wander_arrival_peaceful_grave, layout_loops_ring
D:2:      layout_loops_ring, basic_altar, uniq_natasha

Skill      XL: |  1  2 |
---------------+-------+-----
Ranged Weapons | 5 |  5.1
Fighting       | |  2.0
Dodging        | |  2.1
Stealth        | |  1.0

Action                     || total
---------------------------++-------
   Fire: Shortbow          ||    42
    Use: Potion            ||     1
 Armour: Leather armour    ||    15
  Dodge: Dodged            ||    20
